 Dungeon Crawl Stone Soup version 0.28.0-53-g5a82cb258f (webtiles) character file.

Game seed: 10834106566694823564

927 Peloso the Slasher (level 7, -1/61 HPs)
             Began as a Minotaur Fighter on Aug 6, 2022.
             Was an Initiate of Okawaru.
             Slain by a gnoll sergeant
             ... wielding a +0 spear
              (9 damage)
             ... on level 5 of the Dungeon.
             The game lasted 00:10:20 (6288 turns).

Peloso the Slasher (Minotaur Fighter)               Turns: 6288, Time: 00:10:21

Health: -1/61      AC: 15    Str: 20    XL:     7   Next: 85%
Magic:  6/6        EV:  8    Int:  5    God:    Okawaru [......]
Gold:   168        SH:  5    Dex: 12    Spells: 6/6 levels left

rFire   . . .      SeeInvis .   a - +1 long sword
rCold   . . .      Faith    .   c - +0 buckler
rNeg    . . .      Spirit   .   i - +0 chain mail
rPois   +          Reflect  .   (helmet restricted)
rElec   .          Harm     .   s - +0 cloak
rCorr   .          Rampage  .   (no gloves)
Will    .....                   (no boots)
Stlth   ..........              (no amulet)
HPRegen 0.20/turn               f - ring of poison resistance
MPRegen 0.10/turn               k - +4 ring of protection

@: no status effects
A: horns 2, retaliatory headbutt
a: Renounce Religion


You were on level 5 of the Dungeon.
You worshipped Okawaru.
Okawaru was noncommittal.
You visited 2 branches of the dungeon, and saw 6 of its levels.
You also visited: Sewer.

You collected 168 gold pieces.

Inventory:

Hand Weapons
 a - a +1 long sword (weapon)
Armour
 b - a +1 scale mail
 c - a +0 buckler (worn)
 i - a +0 chain mail (worn)
 s - a +0 cloak (worn)
Jewellery
 f - a ring of poison resistance (left hand)
 k - a +4 ring of protection (right hand)
Wands
 d - a wand of flame (14)
 e - a wand of digging (3)
Scrolls
 r - a scroll of blinking
Potions
 j - a potion of curing
 m - 2 potions of flight
 n - a potion of heal wounds
 o - a potion of lignification {unknown}


   Skills:
 + Level 5.6 Fighting
 + Level 7.1 Long Blades
 + Level 6.6 Armour
 + Level 1.7 Dodging
 + Level 0.5 Stealth
 + Level 5.1 Shields


You had 6 spell levels left.
You didn't know any spells.
Your spell library contained the following spells:

 Spells                   Type           Power      Damage    Failure   Level
 Blink                    Tloc           0%         N/A       100%        2
 Sublimation of Blood     Necr           0%         N/A       100%        2
 Wereblood                Tmut           0%         N/A       100%        2
 Lesser Beckoning         Tloc           0%         N/A       100%        3
 Stone Arrow              Conj/Erth      0%         3d7       100%        3
 Manifold Assault         Tloc           0%         N/A       100%        5
 Dispersal                Tloc           0%         N/A       100%        6
 Disjunction              Tloc           0%         N/A       100%        8
 Lehudib's Crystal Spear  Conj/Erth      0%         10d2      100%        8
 Animate Armour           Summ/Erth      Unusable   N/A       N/A         4
 Summon Hydra             Summ           Unusable   N/A       N/A         7

Dungeon Overview and Level Annotations

Branches:
Dungeon (5/15)             Temple (1/1) D:4           Sewer (visited)

Altars:
Dithmenos
Gozag
Hepliaklqana
Okawaru
Qazlal
Sif Muna
Trog
Vehumet
Wu Jian
The Shining One

Annotations:
D:3 1 runed translucent door, 2 transporters, Crazy Yiuf; Hyperion's ghost, amateur VSIE
D:5 Pikel


Innate Abilities, Weirdness & Mutations

You have a pair of horns on your head.
You reflexively headbutt those who attack you in melee.


Message History

You hit the bullfrog skeleton.
You destroy the bullfrog skeleton!
Okawaru accepts your kill.
You see here a killer bee corpse.
A gnoll comes into view. It is wielding a +1 vampiric spear.
A gnoll sergeant and a gnoll come into view.
The gnoll sergeant shouts!
The gnoll shouts! x2; You hear a shout!
The gnoll hits you from afar with a +1 vampiric spear.
The gnoll sergeant hits you from afar with a +0 spear.
A gnoll comes into view. It is wielding a +0 spear.
Things that are here:
a +0 whip; a gnoll corpse; a killer bee corpse You see here a killer bee corpse.
The gnoll sergeant hits you from afar with a +0 spear.
The gnoll hits you but does no damage.
The gnoll hits you from afar with a +0 halberd!
The gnoll sergeant hits you but does no damage.
You see here a killer bee corpse.
You barely miss the gnoll sergeant.
The gnoll hits you from afar with a +1 vampiric spear.
The gnoll hits you from afar with a +0 halberd.
* * * LOW HITPOINT WARNING * * *
The gnoll sergeant hits you with a +0 spear!
* * * LOW HITPOINT WARNING * * *
You hit the gnoll sergeant. You headbutt the gnoll sergeant.
The gnoll sergeant is moderately wounded.
The gnoll barely misses you. The gnoll closely misses you.
The gnoll sergeant hits you with a +0 spear.
* * * LOW HITPOINT WARNING * * *
You barely miss the gnoll sergeant.
The gnoll sergeant is moderately wounded.
The gnoll hits you but does no damage. The gnoll barely misses you.
You block the gnoll sergeant's attack. The gnoll hits you but does no damage.
You hit the gnoll sergeant.
Your headbutt misses the gnoll sergeant.
The gnoll sergeant is heavily wounded.
The gnoll barely misses you. You block the gnoll sergeant's attack.
The gnoll closely misses you. The gnoll barely misses you.
The gnoll sergeant hits you from afar with a +0 spear!
You die...

.<............?.....###
#.......O....###...#....
..$..........#.#.###....
.............?...##....#
.....?..#......
...g..ggg......
....#.#g#......
.#..###†#.....#
#...#.@#.....# #
#..........#
#...........
#..#####.... #.# ... ...
.. ##.. # ##.


You could see a gnoll sergeant and 3 gnolls.

Vanquished Creatures
  Duvessa (D:4)
  2 bullfrogs (Sewer)
  A scorpion (D:4)
  Dowan (D:4)
  A water moccasin skeleton (D:4)
  3 killer bees (D:5)
  An orc priest (D:3)
  A hound (D:4)
  A bullfrog skeleton (D:5)
  An iguana (D:4)
  Ijyb (D:3)
  3 orc wizards
  2 gnolls
  6 adders
  A white imp (D:5)
  An ufetubus (D:5)
  2 worms
  17 orcs
  5 endoplasms
  14 giant cockroaches
  6 goblins
  6 hobgoblins
  7 jackals
  4 quokkas
  10 ball pythons
  2 bats (D:2)
  3 frilled lizards
  3 kobolds
  3 rats
109 creatures vanquished.

Vanquished Creatures (others)
  53 plants (D:3)
53 creatures vanquished.

Grand Total: 162 creatures vanquished

Notes
Turn   | Place    | Note
-------+----------+-------------------------------------------
     0 | D:1      | Peloso the Minotaur Fighter began the quest for the Orb.
     0 | D:1      | Reached XP level 1. HP: 19/19 MP: 0/0
   250 | D:1      | Reached XP level 2. HP: 24/27 MP: 1/1
   310 | D:1      | Found a faded altar of an unknown god.
   593 | D:1      | Reached XP level 3. HP: 25/33 MP: 2/2
  1530 | D:2      | Reached skill level 3 in Long Blades
  1949 | D:3      | Reached XP level 4. HP: 11/41 MP: 3/3
  2245 | D:3      | Found a runed translucent door.
  2246 | D:3      | Noticed Crazy Yiuf
  2371 | D:3      | Noticed Ijyb
  2386 | D:3      | Killed Ijyb
  2429 | D:3      | Found a transporter.
  2434 | D:3      | Noticed Hyperion's ghost (amateur VSIE)
  2864 | D:3      | Reached XP level 5. HP: 44/47 MP: 4/4
  2898 | D:3      | Found a transporter.
  3054 | D:3      | Reached skill level 4 in Long Blades
  3590 | D:4      | Reached skill level 5 in Armour
  3973 | D:4      | Reached skill level 5 in Long Blades
  4026 | D:4      | Reached XP level 6. HP: 34/55 MP: 5/5
  4196 | D:4      | Reached skill level 5 in Fighting
  4615 | D:4      | Noticed Duvessa
  4615 | D:4      | Noticed Dowan
  4648 | D:4      | Killed Duvessa
  4666 | D:4      | Killed Dowan
  4667 | D:4      | Reached skill level 6 in Long Blades
  4667 | D:4      | Reached XP level 7. HP: 15/61 MP: 6/6
  4922 | D:4      | Found a staircase to the Ecumenical Temple.
  5288 | Temple   | Entered the Ecumenical Temple
  5340 | Temple   | Became a worshipper of Warmaster Okawaru
  5392 | D:5      | Entered Level 5 of the Dungeon
  5392 | D:5      | Noticed a two-headed ogre
  5393 | D:5      | Found a glowing drain.
  5400 | D:5      | Noticed Pikel
  5409 | Sewer    | Entered a sewer
  5559 | Sewer    | Reached skill level 1 in Dodging
  6262 | D:5      | Reached skill level 5 in Shields
  6264 | D:5      | Reached skill level 7 in Long Blades
  6288 | D:5      | Slain by a gnoll sergeant

Illustrated notes

Levels and vault maps discovered:
D:1:      onia_arrival_mini_spirals, layout_basic,
          hellmonk_ecumenical_altar_crossroads, roderic_serpentine_path
D:2:      layout_loops_cross, nicolae_figureground_sparkle
D:3:      layout_basic, gammafunk_ghost_stat_death, kennysheep_boxes, uniq_ijyb,
          uniq_crazy_yiuf_cottage
D:4:      layout_layer_cave, minmay_temple_entry_antechambers, minivault_24,
          uniq_duvessa
D:5:      layout_cave_pools, mainiacjoe_overflow_big_doors,
          gup_sewer_entry_glass, st_stairs_10, uniq_pikel
Temple:   nicolae_temple_god_jail

Skill      XL: |  1  2  3  4  5  6  7 |
---------------+----------------------+-----
Fighting       | 4 5 |  5.6
Shields        | 4 5 |  5.1
Armour         | 4 5 6 |  6.6
Long Blades    | 3 5 6 7 |  7.1
Dodging        | 1 |  1.7
Stealth        | |  0.5

Action                   |  1- 3 |  4- 6 |  7- 9 || total
-------------------------+-------+-------+-------++-------
Melee: Long sword        |    79 |   148 |   103 ||   330
       Headbutt          |    13 |    23 |    17 ||    53
Throw: Throwing net      |       |     1 |       ||     1
  Use: Potion            |     4 |     1 |       ||     5
       Scroll            |     4 |       |     5 ||     9
Armor: Scale mail        |    37 |    13 |       ||    50
       Chain mail        |       |    77 |   109 ||   186
Dodge: Dodged            |    37 |    52 |    57 ||   146
Block: Buckler           |    21 |    39 |    44 ||   104
